 Dungeon Crawl Stone Soup version 0.31-a0-1529-g7bd419a0e5 (webtiles) character file.

Game seed: 3416850938557099886

4414 Aldia the Toxicologist (level 10, -2/99 HPs)
             Began as an Octopode Alchemist on Dec 31, 2023.
             Was an Initiate of Gozag.
             Slain by Erica
             ... wielding a +0 scimitar of flaming
              (3 damage)
             ... on level 9 of the Dungeon.
             The game lasted 00:23:45 (9272 turns).

Aldia the Toxicologist (Octopode Alchemist)         Turns: 9272, Time: 00:23:45

Health: -2/99      AC: 25    Str:  7    XL:     10   Next: 36%
Magic:  19/19      EV: -1    Int: 23    God:    Gozag
Gold:   920        SH:  0    Dex: 12    Spells: 3/22 levels left

rFire   . . .        (no weapon)
rCold   . . .        y - +1 buckler
rNeg    . . .        (helmet currently unavailable)
rPois   +            (no amulet)
rElec   .            (no ring)
rCorr   .            (no ring)
SInv    .            (no ring)
Will    .....        (no ring)
Stlth   +            (no ring)
HPRegen 0.36/turn    (no ring)
MPRegen 0.16/turn    (no ring)
                     (no ring)

%: no passive effects
@: confused, tree-form, ambrosia-drunk, slowed, constricted, very slow
A: stationary, stasis, torment immunity, boosted hp, almost no armour,
(amphibious), 8 rings, (camouflage 1), (gelatinous body 1), (nimble swimmer 1),
(tentacles)
a: Renounce Religion, Potion Petition, Call Merchant, Bribe Branch


You were on level 9 of the Dungeon.
You worshipped Gozag.
Gozag was pleased with you.
You were a tree.
You visited 2 branches of the dungeon, and saw 10 of its levels.

You collected 1107 gold pieces.
You spent 97 gold pieces at shops.
You paid 90 gold pieces to Gozag.

Inventory:

Hand Weapons
 b - a +2 whip of electrocution
 f - a +2 sling of freezing
 q - a +3 dagger of protection
Missiles
 k - 2 throwing nets
Armour
 y - a +1 buckler (worn)
Magical Staves
 g - a staff of fire
Wands
 s - a wand of flame (26)
Scrolls
 h - 2 scrolls of teleportation
 j - 2 scrolls of blinking
 l - 3 scrolls of enchant weapon
 r - a scroll of identify
 v - a scroll of silence
Potions
 a - a potion of magic
 c - 3 potions of curing
 d - a potion of haste
 e - a potion of brilliance
 n - a potion of degeneration {unknown}
 o - a potion of invisibility
 u - a potion of might {unknown}
 x - a potion of attraction {unknown}
 z - a potion of enlightenment


   Skills:
 + Level 5.4 Fighting
 - Level 5.0 Dodging
 - Level 3.0 Stealth
 - Level 3.0 Shields
 + Level 6.6 Spellcasting
 - Level 3.0 Conjurations
 - Level 3.1 Air Magic
 * Level 10.7 Alchemy


You had 3 spell levels left.
You knew the following spells:

 Your Spells              Type           Power      Damage    Failure   Level
a - Sting                 Conj/Alch      100%       1d9       1%          1
b - Mercury Vapours       Alch/Air       78%        N/A       1%          2
c - Mephitic Cloud        Conj/Alch/Air  33%        N/A       3%          3
d - Olgreb's Toxic Radia  Alch           54%        N/A       1%          4
e - Tukima's Dance        Hex            7%         N/A       36%         3
f - Eringya's Noxious Bo  Alch           27%        4d6       24%         6

Your spell library contained the following spells:

 Spells                   Type           Power      Damage    Failure   Level
 Necrotise                Necr           28%        1d5       13%         1
 Call Imp                 Summ           14%        N/A       21%         2
 Lesser Beckoning         Tloc           14%        N/A       21%         2
 Gell's Gravitas          Tloc           7%         N/A       36%         3
 Teleport Other           Tloc           7%         N/A       36%         3
 Vampiric Draining        Necr           7%         2d6       36%         3
 Alistair's Intoxication  Alch           36%        N/A       4%          5
 Sticky Flame             Fire/Alch      32%        2d7       14%         4
 Yara's Violent Unravell  Hex/Alch       16%        3d8       36%         5
 Summon Lightning Spire   Summ/Air       14%        N/A       56%         4
 Cause Fear               Hex            3%         N/A       78%         4
 Martyr's Knell           Necr/Summ      7%         N/A       78%         4
 Passage of Golubria      Tloc           7%         N/A       78%         4
 Silence                  Hex/Air        7%         N/A       88%         5
 Borgnjor's Vile Clutch   Necr/Erth      3%         N/A       98%         5
 Curse of Agony           Necr           7%         N/A       98%         5


Dungeon Overview and Level Annotations

Branches:
Dungeon (9/15)             Temple (1/1) D:5             Orc (0/2) D:9
   Lair: D:8-11

Altars:
Ashenzari
Cheibriados
Dithmenos
Elyvilon
Fedhas
Gozag
Hepliaklqana
Kikubaaqudgha
Makhleb
Nemelex Xobeh
Okawaru
Qazlal
Ru
Sif Muna
Uskayaw
Vehumet
Wu Jian
Xom
Yredelemnul
Zin
The Shining One

Shops:
D:2 *   D:5 :

Annotations:
D:3 2 runed translucent doors, Patrick2011b's ghost, amateur GnAr
D:5 1 runed translucent door, exclusion: water moccasin, Crazy Yiuf
D:9 Erica


Innate Abilities, Weirdness & Mutations

You are a tree.
Your roots penetrate the ground, keeping you stationary.
You cannot be teleported.
You are immune to unholy pain and torment.
Your maximum health is greatly increased.
You cannot wear most types of armour.
((You are amphibious.))
You can wear up to eight rings at the same time.
((Your skin changes colour to match your surroundings (Stealth+).))
((Your rubbery body absorbs attacks. (AC +1, EV +1)))
((You are camouflaged when in or above water. (Stealth+)))
((You have tentacles for arms and can constrict up to eight enemies at once.))


Message History

You hit something.
You hear some strange, mumbled words.
You feel as though you will be slow longer.
You are constricted.
* * * LOW HITPOINT WARNING * * *
Unknown command.
Unknown command.
You are confused.
You feel invigorated. Something hits you.
* * * LOW HITPOINT WARNING * * *
Something burns you.
* * * LOW HITPOINT WARNING * * *
You are constricted.
You hear some strange, mumbled words.
Something tries to affect you, but you resist.
You are constricted.
You swing at nothing.
You hear the faint creaking of a very distant portcullis.
Something hits you but does no damage.
You are constricted.
You attack the rock wall.
Something hits you but does no damage.
You are constricted.
Something hits you!
* * * LOW HITPOINT WARNING * * *
Something burns you.
* * * LOW HITPOINT WARNING * * *
You are constricted.
* * * LOW HITPOINT WARNING * * *
You barely miss something. Something hits you!
* * * LOW HITPOINT WARNING * * *
Something burns you.
* * * LOW HITPOINT WARNING * * *
You are constricted.
You hear some strange, mumbled words.
Something tries to affect you, but you resist.
You are constricted.
Unknown command.
You swing at nothing.
Something hits you!
* * * LOW HITPOINT WARNING * * *
Something burns you.
You die...
Your body crumbles into a pile of gold.

...'...###........#
...##### #........#
...# #........#
...# #........#
...# #........#
#+## ##'#######
#....# ####'####
#.....♣{# #.......#
##### #..$....#
#.... #..$....# ###
+.$.....# #..
#.......'.. #.#
#.......### ...#
#.......# #######
#.......# .......


There were no monsters in sight!

Vanquished Creatures
  Pikel (D:4)
  Psyche (D:8)
  Prince Ribbit (D:5)
  A hornet (D:9)
  4 yaks (D:8)
  Grum (D:9)
  Menkaure (D:5)
  4 water moccasins
  A sky beast (D:7)
  An ogre (D:4)
  2 wolves (D:9)
  Blork the orc (D:5)
  3 kobold brigands
  4 bullfrogs
  A gnoll sergeant (D:7)
  3 scorpions
  4 wights (D:8)
  2 howler monkeys
  A jelly (D:7)
  2 hounds
  A gnoll bouda (D:6)
  A sleepcap (D:6)
  2 iguanas
  6 orc wizards
  15 gnolls
  5 adders
  A shadow imp (D:6)
  2 ufetubi (D:7)
  5 dart slugs
  2 ribbon worms
  22 orcs
  4 endoplasms
  3 giant cockroaches
  5 goblins
  7 hobgoblins
  4 jackals
  6 quokkas
  4 ball pythons
  6 bats
  3 frilled lizards
  26 kobolds
  6 rats
175 creatures vanquished.

Notes
Turn   | Place    | Note
-------+----------+-------------------------------------------
     0 | D:1      | Aldia the Octopode Alchemist began the quest for the Orb.
     0 | D:1      | Reached XP level 1. HP: 11/11 MP: 3/3
   250 | D:1      | Reached XP level 2. HP: 18/18 MP: 0/5
   253 | D:1      | Learned a level 2 spell: Mercury Vapours
   500 | D:1      | Got Sif Muna's Compilation of Unified Charms
  1105 | D:2      | Reached skill level 1 in Fighting
  1105 | D:2      | Reached XP level 3. HP: 17/23 MP: 0/6
  1109 | D:2      | Learned a level 3 spell: Mephitic Cloud
  1312 | D:2      | Found Cekant's General Store.
  1394 | D:2      | Bought a scroll of blinking for 97 gold pieces
  1418 | D:2      | Reached skill level 4 in Alchemy
  2064 | D:3      | Found a runed translucent door.
  2066 | D:3      | Noticed Patrick2011b's ghost (amateur GnAr)
  2081 | D:3      | Reached skill level 1 in Air Magic
  2081 | D:3      | Reached XP level 4. HP: 28/28 MP: 3/7
  2664 | D:3      | Found a runed translucent door.
  2664 | D:3      | Noticed a bullfrog
  2958 | D:4      | Noticed an ogre
  3017 | D:4      | Noticed a lemure
  3214 | D:4      | Reached XP level 5. HP: 34/34 MP: 6/9
  3557 | D:4      | Killed an ogre
  3558 | D:4      | Reached skill level 5 in Alchemy
  3572 | D:3      | Learned a level 4 spell: Olgreb's Toxic Radiance
  3645 | D:4      | Noticed a lemure
  3646 | D:4      | Noticed Pikel
  3653 | D:4      | Noticed a lemure
  3654 | D:4      | Noticed a lemure
  3656 | D:4      | Killed Pikel
  3657 | D:4      | Reached skill level 6 in Alchemy
  3657 | D:4      | Reached XP level 6. HP: 27/42 MP: 1/11
  3657 | D:4      | Reached XP level 7. HP: 29/46 MP: 1/12
  4105 | D:5      | Entered Level 5 of the Dungeon
  4114 | D:5      | Noticed Prince Ribbit
  4369 | D:5      | Killed Prince Ribbit
  4370 | D:5      | Reached skill level 7 in Alchemy
  4370 | D:5      | Reached XP level 8. HP: 26/54 MP: 5/14
  4531 | D:5      | Noticed Menkaure
  4539 | D:5      | Killed Menkaure
  4651 | D:5      | Found a staircase to the Ecumenical Temple.
  4651 | D:5      | Noticed Blork the orc
  4663 | D:5      | Killed Blork the orc
  4671 | Temple   | Entered the Ecumenical Temple
  4736 | Temple   | Became a worshipper of Gozag Ym Sagoz the Greedy
  4753 | D:5      | Found Gyedok Tiuq's Book Boutique.
  4819 | D:5      | Found a runed translucent door.
  4820 | D:5      | Noticed Crazy Yiuf
  5258 | D:6      | HP: 2/54 [bullfrog (9)]
  5622 | D:6      | Reached skill level 8 in Alchemy
  5791 | D:6      | Found an ancient bone altar of Kikubaaqudgha.
  6243 | D:6      | Reached skill level 5 in Spellcasting
  6243 | D:6      | Reached XP level 9. HP: 58/58 MP: 0/16
  6915 | D:7      | Reached skill level 1 in Shields
  7526 | D:8      | Noticed Psyche
  7675 | D:8      | Found a stormy altar of Qazlal.
  7677 | D:8      | Found a sacrificial altar of Ru.
  7678 | D:8      | Found a sparkling altar of Nemelex Xobeh.
  7908 | D:7      | Reached skill level 9 in Alchemy
  8122 | D:8      | Killed Psyche
  8309 | D:8      | Reached skill level 5 in Dodging
  8372 | D:8      | Found a snail-covered altar of Cheibriados.
  8472 | D:8      | Learned a level 3 spell: Tukima's Dance
  8479 | D:8      | Learned a level 6 spell: Eringya's Noxious Bog
  8776 | D:8      | Reached XP level 10. HP: 65/65 MP: 11/19
  8780 | D:8      | Reached skill level 10 in Alchemy
  8784 | D:8      | Reached skill level 5 in Fighting
  9076 | D:9      | Paralysed by a hornet for 1 turns
  9165 | D:9      | Found a staircase to the Orcish Mines.
  9238 | D:9      | Noticed Grum
  9243 | D:9      | Noticed Erica
  9246 | D:9      | Killed Grum
  9256 | D:9      | HP: 3/66 [something (4)]
  9272 | D:9      | HP: 1/99 [something (13)]
  9272 | D:9      | Slain by Erica

Illustrated notes

Levels and vault maps discovered:
D:1:      amcnicky_arrival_choice, layout_basic, dreamdust_princess_corridor
D:2:      layout_rooms, serial_shops, nicolae_shop_peninsula
D:3:      layout_loops_corners, ebering_ghost_sewer_f, minivault_11
D:4:      layout_loops_ring, uniq_pikel
D:5:      layout_rooms, marbit_many_paths, minmay_temple_entry_large_hall,
          serial_shops, shop, minmay_misc_feat_hallway, uniq_prince_ribbit1,
          uniq_menkaure, uniq_crazy_yiuf_cottage, uniq_blork_the_orc
D:6:      layout_rooms, kennysheep_mini, nicolae_hexahallways
D:7:      layout_loops_ring, nicolae_tricolors
D:8:      layout_rooms, slow_altar_1, grunt_temple_overflow_open, uniq_psyche
D:9:      layout_roguey, orc_0_dummy, enter_bailey_8, uniq_joseph, uniq_erica,
          uniq_grum
Temple:   nicolae_temple_elliptical

Skill      XL: |  1  2  3  4  5  6  7  8  9 10 |
---------------+-------------------------------+-----
Stealth        | 3 |  3.0
Fighting       | 1 3 4 5 |  5.4
Alchemy        | 4 6 7 8 9 10 | 10.7
Air Magic      | 1 2 3 |  3.1
Spellcasting   | 3 4 5 6 |  6.6
Conjurations   | 2 3 |  3.0
Dodging        | 3 5 |  5.0
Shields        | 3 |  3.0

Action                     |  1- 3 |  4- 6 |  7- 9 | 10-12 || total
---------------------------+-------+-------+-------+-------++-------
  Melee: Spear             |     6 |       |       |       ||     6
         Constrict         |     4 |     7 |    13 |     4 ||    28
         Tentacles         |     4 |     4 |     9 |     5 ||    22
         Staff             |     4 |       |       |       ||     4
         Dagger            |       |    22 |    55 |    14 ||    91
         Whip              |       |       |       |     6 ||     6
         Unarmed           |       |       |       |     5 ||     5
   Cast: Sting             |    81 |    47 |   150 |     5 ||   283
         Mephitic Cloud    |       |     1 |     9 |     3 ||    13
         Olgreb's Toxic Ra |       |       |    13 |     5 ||    18
  Evoke: Wand              |       |       |    13 |     7 ||    20
    Use: Scroll            |     3 |     5 |     6 |     3 ||    17
         Potion            |       |       |     1 |     5 ||     6
   Stab: Sleeping          |       |     2 |     1 |       ||     3
         Confused          |       |       |     2 |       ||     2
 Armour: Skin              |    24 |    19 |    76 |    34 ||   153
  Dodge: Dodged            |    26 |    30 |    82 |     9 ||   147
  Block: Buckler           |       |       |     5 |     5 ||    10

Table legend: (Time is in decaauts)
 A = Elapsed time spent in this place.
 B = Non-inter-level travel time spent in this place.
 C = Inter-level travel time spent in this place.
 D = Time resting spent in this place.
 E = Time spent auto-exploring this place.
 F = Levels seen in this place.
 G = Mean time per level.
                   A        B        C        D        E       F      G
               +--------+--------+--------+--------+--------+-----+--------+
         Total |   9271 |   8733 |    538 |    570 |   6803 |  10 |  927.1 |
       Dungeon |   9195 |   8675 |    520 |    570 |   6748 |   9 | 1021.7 |
        Temple |     75 |     57 |     18 |      0 |     55 |   1 |   75.0 |
               +--------+--------+--------+--------+--------+-----+--------+

Top non-repeatable levels by time:
     D:7: 1439 daAuts
     D:3: 1292 daAuts
     D:4: 1245 daAuts
     D:8: 1164 daAuts
     D:6: 1125 daAuts
     D:1: 1036 daAuts
     D:5: 918 daAuts
     D:2: 756 daAuts
     D:9: 217 daAuts
  Temple: 75 daAuts
